 Dungeon Crawl Stone Soup version 0.27-a0-767-g00efbec225 (webtiles) character file.

Game seed: 7206035982876847347

277 Aggronaut the Slasher (level 6, 0/48 HPs)
             Began as a Demonspawn Wanderer on Mar 25, 2021.
             Was a Follower of Makhleb.
             Slain by Duvessa
             ... wielding a +0 rapier of speed
              (4 damage)
             ... on level 4 of the Dungeon.
             The game lasted 00:11:56 (3904 turns).

Aggronaut the Slasher (Demonspawn Wanderer)         Turns: 3904, Time: 00:11:57

Health: 0/48       AC: 10    Str: 14    XL:     6   Next: 4%
Magic:  8/8        EV: 14    Int: 14    God:    Makhleb [*.....]
Gold:   145        SH:  0    Dex: 12    Spells: 4/5 levels left

rFire    . . .     SeeInvis .   a - +2 falchion
rCold    . . .     Faith    .   (no shield)
rNeg     . . .     Spirit   .   b - +0 ring mail
rPois    .         Reflect  .   (helmet restricted)
rElec    .         Harm     .   n - +2 cloak
rCorr    .         Rampage  .   (no gloves)
Will     .....                  (no boots)
Stlth    +.........             (no amulet)
HPRegen  0.16/turn              d - +4 ring of evasion
MPRegen  0.11/turn              (no ring)

@: no status effects
A: horns 1, slimy green scales 1, demonic guardian 1
a: Renounce Religion


You were on level 4 of the Dungeon.
You worshipped Makhleb.
Makhleb was aware of your devotion.
You visited 1 branch of the dungeon, and saw 4 of its levels.

You collected 145 gold pieces.

Inventory:

Hand Weapons
 a - a +2 falchion (weapon)
Armour
 b - a +0 ring mail (worn)
 n - a +2 cloak (worn)
Jewellery
 d - a +4 ring of evasion (right hand)
Scrolls
 c - 2 scrolls of teleportation
 e - a scroll of acquirement {unknown}
 f - a scroll of noise {unknown}
 i - a scroll of magic mapping {unknown}
 k - a scroll of fear {unknown}
 l - a scroll of enchant weapon {unknown}
 m - a scroll of amnesia {unknown}
 p - a scroll of identify
Potions
 h - a potion of lignification
 j - 2 potions of curing


   Skills:
 - Level 4.0 Fighting
 * Level 4.9 Long Blades
 - Level 1.0 Crossbows
 - Level 1.0 Throwing
 - Level 1.7 Armour
 - Level 1.0 Shields
 + Level 3.4 Invocations


You had 4 spell levels left.
You knew the following spells:

 Your Spells              Type           Power      Damage    Failure   Level
a - Magic Dart            Conj           0%         1d3       50%         1

Your spell library contained the following spells:

 Spells                   Type           Power      Damage    Failure   Level
 Blink                    Tloc           N/A        N/A       65%         2
 Call Imp                 Summ           0%         N/A       65%         2
 Slow                     Hex            0%         N/A       65%         2
 Conjure Flame            Conj/Fire      0%         6-21      86%         3
 Mephitic Cloud           Conj/Pois/Air  0%         N/A       86%         3


Dungeon Overview and Level Annotations

Branches:
Dungeon (4/15)
 Temple: D:4-7

Altars:
Ashenzari
Dithmenos
Gozag
Makhleb
Qazlal
Ru
Trog
Uskayaw
Wu Jian

Shops:
D:2 *

Annotations:
D:4 Dowan, Duvessa


Innate Abilities, Weirdness & Mutations

You have a pair of small horns on your head.
You are partially covered in slimy green scales. (AC +2)
A weak demonic guardian rushes to your aid.


Message History

Duvessa is severely wounded.
Duvessa hits you with a +0 rapier of speed!
A demonic guardian appears!
Duvessa hits you but does no damage.
Duvessa hits your ufetubus with a +0 rapier of speed!
Your ufetubus dies!
Okay, then.
As you read the scroll of enchant armour, it crumbles to dust.
Your +1 cloak glows green for a moment.
Duvessa gestures with her weapon.
Dowan shouts!
Duvessa hits you with a +0 rapier of speed.
Duvessa barely misses you. The gnoll closely misses you.
Duvessa closely misses you.
You hit Duvessa.
Duvessa is almost dead.
Duvessa closely misses you. Duvessa hits you but does no damage.
Dowan casts a spell.
Dowan blinks!
You hit Dowan.
Dowan is lightly wounded.
Duvessa hits you with a +0 rapier of speed.
Dowan hits you with a +0 dagger. Dowan completely misses you.
Dowan gestures at Duvessa while chanting.
Duvessa seems to speed up.
Duvessa closely misses you.
Duvessa hits you with a +0 rapier of speed.
* * * LOW HITPOINT WARNING * * *
Duvessa hits you with a +0 rapier of speed!
* * * LOW HITPOINT WARNING * * *
A demonic guardian appears!
Duvessa completely misses you. Duvessa closely misses you.
Duvessa hits you but does no damage.
Dowan casts a spell.
Dowan blinks!
Duvessa hits you but does no damage.
Duvessa hits you with a +0 rapier of speed.
You die...

#.# #.....# #.# #.....# #.#
#.....# #.# #.....# ####.####
#..)..# .. #.......# ###.### ._
#g##.##.# #.####.. #.##.##.#
#....##.
#######.##@##.#########..##
#.........e...#.[...# #..##
#.#####(##g####.###.###....
#######.####..##.....)..#........
.................5.5#.#........##
#######.###########ยง#.###..##.###
#.# ##>## ###.#.g....##....
#.##8...8##...#####...#####
#.##.....##.#.# #...#


You could see Duvessa (fast), a gnoll and a friendly shadow imp (summoned).

Vanquished Creatures
  An ogre (D:4)
  2 bullfrog skeletons (D:4)
  An orc wizard (D:3)
  3 adders
  A gnoll (D:4)
  2 worms (D:2)
  A dart slug (D:1)
  5 orcs
  2 ball pythons (D:1)
  5 endoplasms
  4 giant cockroaches
  7 goblins
  5 hobgoblins
  11 jackals
  2 kobolds
  4 quokkas
  8 bats
  6 frilled lizards
  9 rats
79 creatures vanquished.

Vanquished Creatures (collateral kills)
  A bat (D:3)
  A frilled lizard (D:1)
2 creatures vanquished.

Grand Total: 81 creatures vanquished

Notes
Turn   | Place    | Note
-------+----------+-------------------------------------------
     0 | D:1      | Aggronaut the Demonspawn Wanderer began the quest for the
                  | Orb.
     0 | D:1      | Aggronaut set off with the following items: a +2 falchion,
                  | a +0 ring mail, a scroll of teleportation
     0 | D:1      | Reached XP level 1. HP: 19/19 MP: 1/1
   136 | D:1      | Gained mutation: A weak demonic guardian rushes to your
                  | aid. [demonic ancestry]
   136 | D:1      | Reached XP level 2. HP: 25/25 MP: 2/2
   502 | D:1      | Reached XP level 3. HP: 30/30 MP: 3/3
  1110 | D:2      | Found a faded altar of an unknown god.
  1121 | D:2      | Found Wythrut's General Store.
  1184 | D:2      | Found a burning altar of Makhleb.
  1206 | D:2      | Became a worshipper of Makhleb the Destroyer
  1329 | D:2      | Found a stormy altar of Qazlal.
  1329 | D:2      | Found a hide-covered altar of Uskayaw.
  1351 | D:2      | Found an opulent altar of Gozag.
  1492 | D:2      | Reached skill level 1 in Invocations
  1492 | D:2      | Gained mutation: You have a pair of small horns on your
                  | head. [demonic ancestry]
  1492 | D:2      | Reached XP level 4. HP: 27/37 MP: 4/4
  1879 | D:3      | Found a shadowy altar of Dithmenos.
  2200 | D:3      | Learned a level 1 spell: Magic Dart
  2820 | D:4      | Found a sacrificial altar of Ru.
  2869 | D:4      | Noticed an ogre
  2880 | D:4      | Killed an ogre
  2881 | D:4      | Gained mutation: You are partially covered in slimy green
                  | scales. (AC +2) [demonic ancestry]
  2881 | D:4      | Reached XP level 5. HP: 26/42 MP: 5/7
  3006 | D:4      | Reached * piety under Makhleb
  3025 | D:4      | Found a broken altar of Ashenzari.
  3361 | D:4      | Reached XP level 6. HP: 48/48 MP: 8/8
  3438 | D:4      | Noticed Dowan
  3439 | D:4      | Found a bloodstained altar of Trog.
  3439 | D:4      | Noticed Duvessa
  3618 | D:4      | Found an ornate altar of the Wu Jian Council.
  3904 | D:4      | Slain by Duvessa

Illustrated notes

Levels and vault maps discovered:
D:1:      ncdulo_lavacross, layout_basic
D:2:      layout_loops_ring, old_standard_altar, grunt_gozag_breadcrumbs,
          chequers_temple_overflow_statue_of_worship, serial_shops,
          nicolae_shop_stone, chequers_ecumenical_altar_simple,
          kennysheep_generic_room_16
D:3:      wad_pebble_path, layout_basic, grunt_ministairs_6,
          nicolae_dithmenos_through_a_glass_darkly
D:4:      layout_loops_cross, nicolae_overflow_hidden_temple,
          nzn_wu_jian_contemplation, trog_antimagical,
          cheibrodos_ashenzari_chains, uniq_duvessa

Skill      XL: |  1  2  3  4  5 |
---------------+----------------+-----
Long Blades    | 2 3 4 |  4.9
Invocations    | 1 2 3 |  3.4
Fighting       | |  4.0
Crossbows      | |  1.0
Throwing       | |  1.0
Armour         | |  1.7
Shields        | |  1.0

Action                   |  1- 3 |  4- 6 || total
-------------------------+-------+-------++-------
Melee: Falchion          |   107 |   122 ||   229
       Headbutt          |       |    21 ||    21
  Use: Potion            |       |     3 ||     3
       Scroll            |       |     4 ||     4
Armor: Ring mail         |    42 |    40 ||    82
Dodge: Dodged            |    97 |    97 ||   194
       Rpst.: Falchion   |    31 |    19 ||    50

Table legend: (Time is in decaauts)
 A = Elapsed time spent in this place.
 B = Non-inter-level travel time spent in this place.
 C = Inter-level travel time spent in this place.
 D = Time resting spent in this place.
 E = Time spent auto-exploring this place.
 F = Levels seen in this place.
 G = Mean time per level.
                   A        B        C        D        E       F      G
               +--------+--------+--------+--------+--------+-----+--------+
         Total |   3930 |   3837 |     93 |    393 |   2335 |   4 |  982.5 |
       Dungeon |   3930 |   3837 |     93 |    393 |   2335 |   4 |  982.5 |
               +--------+--------+--------+--------+--------+-----+--------+

Top non-repeatable levels by time:
     D:4: 1088 daAuts
     D:3: 1004 daAuts
     D:1: 960 daAuts
     D:2: 877 daAuts
